AoeStats
← kaspko

Arabia

507597193Analyzed
1v1 RM · 14d ago on Sep 18, 2026· 20m 17s· 2 players
Game mode
Random Map
Map size
Tiny (2 player)
Population
200
Speed
Normal
Resources
Standard
Victory
Conquest
Starting age
Dark Age
Ending age
Imperial Age
RankedLock teamsTeams togetherTeam positionsShared explorationLock speedFull tech treeHidden civsTurbo modeCheats
Victory
Defeat
🇪🇪 Cumans · Estonia
309
+17
🇨🇦 Poles · Canada
332
-19
kaspko
11:39 Loom
13:50 Feudal Age
14:35 Man-at-Arms
shibhaki
15:31 Feudal Age
16:20 Double-Bit Axe
17:23 Wheelbarrow
17:02 Gold Mining
19:45 Man-at-Arms
Connection lost

Rejoining the realm…

Still unreachable

The connection could not be restored.

Session expired

The server has moved on; the page needs a fresh start.